 Dungeon Crawl Stone Soup version 0.28.0-53-g5a82cb258f (webtiles) character file.

Game seed: 13691847647535700958

417 Gabide the Ruffian (level 6, -1/47 HPs)
             Began as a Mummy Monk on June 2, 2022.
             Slain by an iguana (7 damage)
             ... on level 5 of the Dungeon.
             The game lasted 00:07:27 (6230 turns).

Gabide the Ruffian (Mummy Monk)                     Turns: 6230, Time: 00:07:29

Health: -1/47      AC:  5    Str: 16    XL:     6   Next: 61%
Magic:  6/6        EV: 13    Int: 16    God:
Gold:   188        SH:  0    Dex: 17    Spells: 5/5 levels left

rFire   x . .      SeeInvis .   g - +6 hand axe of Taxation {vorpal, rElec rC+ Dex+3}
rCold   + + .      Faith    .   (no shield)
rNeg    + + +      Spirit   .   j - +0 leather armour
rPois   ∞          Reflect  .   f - +0 helmet
rElec   +          Harm     .   (no cloak)
rCorr   +          Rampage  .   e - +0 pair of gloves
Will    .....                   (no boots)
Stlth   ++........              (no amulet)
HPRegen 0.15/turn               h - +6 ring of intelligence
MPRegen 0.10/turn               a - ring of resist corrosion

@: no status effects
A: cold resistance 1, negative energy resistance 3, torment resistance 2, heat
vulnerability 1, no potions
a: no special abilities


You were on level 5 of the Dungeon.
You visited 1 branch of the dungeon, and saw 5 of its levels.

You collected 188 gold pieces.

Inventory:

Hand Weapons
 b - a +2 vampiric whip
 g - the +6 hand axe of Taxation (weapon) {vorpal, rElec rC+ Dex+3}
   (You found it on level 4 of the Dungeon)

   It inflicts extra damage upon your enemies.
   Dex:       It affects your dexterity (+3).
   rC:        It protects you from cold.
   rElec:     It insulates you from electricity.
Missiles
 c - 136 stones (quivered)
Armour
 e - a +0 pair of gloves (worn)
 f - a +0 helmet (worn)
 j - a +0 leather armour (worn)
Jewellery
 a - a ring of resist corrosion (right hand)
 h - a +6 ring of intelligence (left hand)
Wands
 m - a wand of flame (12)
Scrolls
 d - 2 scrolls of teleportation
 i - a scroll of holy word
 k - a scroll of amnesia
 l - a scroll of fear
 n - 2 scrolls of enchant weapon


   Skills:
 - Level 3.0 Fighting
 - Level 3.0 Dodging
 - Level 1.5 Stealth
 + Level 6.0 Unarmed Combat


You had 5 spell levels left.
You didn't know any spells.
Your spell library contained the following spells:

 Spells                   Type           Power      Damage    Failure   Level
 Apportation              Tloc           0%         N/A       30%         1
 Alistair's Intoxication  Tmut/Pois      0%         N/A       100%        5


Dungeon Overview and Level Annotations

Branches:
Dungeon (5/15)
 Temple: D:4-7

Altars:

Annotations:
D:3 1 runed translucent door, Crazy Yiuf
D:4 Eustachio


Innate Abilities, Weirdness & Mutations

You are immune to poison.
Your flesh is cold resistant. (rC+)
You are immune to negative energy. (rN+++)
You are immune to unholy pain and torment.
You are vulnerable to heat. (rF-)
You do not drink.


Message History

c - 133 stones (gained 1)
There is an open door here.
You see here a scorpion corpse.
c - 134 stones (gained 1)
c - 135 stones (gained 1)
c - 136 stones (gained 1)
You see here a +0 dagger.
There is an open door here.
There is an open door here.
There is an open door here.
Partly explored, can't reach some places.
Partly explored, can't reach some places.
There is an open door here.
There is a stone staircase leading down here.
You climb downwards.
There is a stone staircase leading up here.
Found an escape hatch in the ceiling.
An iguana comes into view.
Found 15 gold pieces.
You hit the iguana.
The iguana is heavily wounded.
You hit the bush. x2; You hit the bush but do no damage. x3; You hit the bush.
The iguana bites you! x2
You hit the iguana.
The iguana is almost dead.
You hit the bush but do no damage. x3; You slash the bush!
You hit the bush but do no damage. You slash the bush!
The iguana closely misses you.
You barely miss the iguana.
The iguana is almost dead.
You hit the bush but do no damage. You hit the bush. x4
You hit the bush but do no damage. The iguana bites you!
You are too injured to fight recklessly!
You closely miss the iguana.
The iguana is almost dead.
You hit the bush but do no damage. x3; You hit the bush.
You hit the bush but do no damage. x2; The iguana bites you!
* * * LOW HITPOINT WARNING * * *
The iguana bites you!
You die... ##########...# PPPPPPPPPPP.P.#### P.....P.....P...<# PPP.P.P.PPP.P##### P...P...P...P.<.
P.P.PPP.PPPPP...# P P...P.....P...# ..P.PPPPP.PPPPP...# ....P.l@............ ..P.P$PPP.P.PPP#.### P.P...P.P...P PPPPPPPPP.PPP

#.....##
#......
###..###
..#


You could see an iguana.

Vanquished Creatures
  A centaur (D:4)
  A scorpion (D:4)
  A hound (D:4)
  2 orc priests
  A hound skeleton (D:4)
  3 gnolls (D:2)
  6 adders
  An adder skeleton (D:4)
  A worm (D:3)
  6 orcs
  10 ball pythons
  5 bats
  5 endoplasms
  2 giant cockroaches
  5 goblins
  5 hobgoblins
  3 jackals
  10 kobolds
  3 quokkas
  A ball python zombie (D:3)
  7 frilled lizards
  5 rats
84 creatures vanquished.

Vanquished Creatures (others)
  41 plants (D:1)
41 creatures vanquished.

Grand Total: 125 creatures vanquished

Notes
Turn   | Place    | Note
-------+----------+-------------------------------------------
     0 | D:1      | Gabide the Mummy Monk began the quest for the Orb.
     0 | D:1      | Reached XP level 1. HP: 18/18 MP: 1/1
   578 | D:1      | Reached XP level 2. HP: 15/24 MP: 2/2
  1541 | D:2      | You fall into a shaft and drop 2 floors!
  1584 | D:4      | Reached skill level 3 in Unarmed Combat
  1722 | D:3      | Found a runed translucent door.
  1723 | D:3      | Noticed Crazy Yiuf
  1779 | D:3      | Reached XP level 3. HP: 25/29 MP: 3/3
  2141 | D:2      | Reached XP level 4. HP: 35/35 MP: 4/4
  2669 | D:2      | Reached skill level 4 in Unarmed Combat
  3369 | D:2      | Found a faded altar of an unknown god.
  3868 | D:3      | Reached XP level 5. HP: 40/41 MP: 5/5
  5093 | D:4      | Noticed a centaur
  5105 | D:4      | Killed a centaur
  5106 | D:4      | Reached skill level 5 in Unarmed Combat
  5106 | D:4      | Reached XP level 6. HP: 12/47 MP: 6/6
  5503 | D:4      | Noticed Eustachio
  5772 | D:4      | Identified the +6 hand axe of Taxation {vorpal, rElec rC+
                  | Dex+3}
  6088 | D:4      | Reached skill level 6 in Unarmed Combat
  6209 | D:5      | Entered Level 5 of the Dungeon
  6230 | D:5      | Slain by an iguana

Illustrated notes

Levels and vault maps discovered:
D:1:      scummos_arrival_forest, layout_loops_ring, serial_bayou_lagoon_a
D:2:      layout_basic, shapermc_ecumenical_altar_pompeii, chequers_arboretum,
          minmay_surrounded
D:3:      kennysheep_big_flooded_room, layout_basic, uniq_crazy_yiuf_cottage
D:4:      layout_loops_corners, chequers_garden,
          minmay_fractal_squares_gapless_5, uniq_eustachio
D:5:      layout_basic, nicolae_overflow_hidden_temple, minitemple,
          minmay_hedge_maze, uniq_grinder

Skill      XL: |  1  2  3  4  5  6 |
---------------+-------------------+-----
Dodging        | 3 |  3.0
Unarmed Combat | 3 4 5 6 |  6.0
Fighting       | |  3.0
Stealth        | |  1.5

Action                   |  1- 3 |  4- 6 || total
-------------------------+-------+-------++-------
Melee: Unarmed           |   117 |   210 ||   327
       Punch             |     2 |     7 ||     9
       Hand axe          |       |     7 ||     7
Throw: Stone             |    27 |    54 ||    81
  Use: Scroll            |     1 |     5 ||     6
 Stab: Sleeping          |     4 |     1 ||     5
       Distracted        |     1 |       ||     1
Armor: Robe              |    20 |     9 ||    29
       Leather armour    |       |    59 ||    59
Dodge: Dodged            |    71 |   137 ||   208
